 Dungeon Crawl Stone Soup version 0.28-a0-802-g09f76e8c00 (webtiles) character file.

Game seed: 14885514787447556317

37 croobank the Stinger (level 3, 0/21 HPs)
             Began as an Octopode Venom Mage on Nov 6, 2021.
             Slain by a black bear (6 damage)
             ... on level 2 of the Dungeon.
             The game lasted 00:09:25 (1707 turns).

croobank the Stinger (Octopode Venom Mage)          Turns: 1707, Time: 00:09:25

Health: 0/21       AC:  1    Str:  8    XL:     3   Next: 39%
Magic:  5/6        EV: 13    Int: 17    God:
Gold:   15         SH:  0    Dex: 12    Spells: 4/7 levels left

rFire   . . .      SeeInvis .   e - +0 falchion
rCold   . . .      Faith    .   (no shield)
rNeg    . . .      Spirit   .   (helmet restricted)
rPois   .          Reflect  .   (no amulet)
rElec   .          Harm     .   (no ring)
rCorr   .          Rampage  .   (no ring)
Will    .....                   (no ring)
Stlth   +++.......              (no ring)
HPRegen 0.07/turn               (no ring)
MPRegen 0.10/turn               (no ring)
                                (no ring)
                                (no ring)

@: no status effects
A: almost no armour, amphibious, 8 rings, camouflage 1, gelatinous body 1,
(nimble swimmer 1), tentacles
a: no special abilities


You were on level 2 of the Dungeon.
You visited 1 branch of the dungeon, and saw 2 of its levels.

You collected 15 gold pieces.

Inventory:

Hand Weapons
 b - a +0 dagger
 e - a +0 falchion (weapon)
Missiles
 c - 47 stones
Scrolls
 g - a scroll of magic mapping
Potions
 a - a potion of attraction
 d - a potion of might {unknown}
 f - a potion of mutation {unknown}


   Skills:
 + Level 0.1 Short Blades
 + Level 0.1 Long Blades
 + Level 2.0 Dodging
 + Level 3.1 Stealth
 + Level 2.5 Spellcasting
 + Level 1.2 Transmutations
 + Level 4.4 Poison Magic


You had 4 spell levels left.
You knew the following spells:

 Your Spells              Type           Power      Damage    Failure   Level
a - Sting                 Tmut/Pois      44%        1d5       6%          1
b - Poisonous Vapours     Pois/Air       18%        N/A       11%         2

Your spell library contained the following spells:

 Spells                   Type           Power      Damage    Failure   Level
 Mephitic Cloud           Conj/Pois/Air  7%         N/A       30%         3
 Olgreb's Toxic Radiance  Pois           17%        N/A       30%         4


Dungeon Overview and Level Annotations

Branches:
Dungeon (2/15)

Altars:


Innate Abilities, Weirdness & Mutations

You cannot wear most types of armour.
You are amphibious.
You can wear up to eight rings at the same time.
Your skin changes colour to match your surroundings (Stealth+).
Your rubbery body absorbs attacks. (AC +1, EV +1)
((You are camouflaged near water. (Stealth+)))
You have tentacles for arms and can constrict up to eight enemies at once.


Message History

There is an open door here.
Aiming: Sting (safe; 6% risk of failure)
Press: ? - help, Q - select action, (/) - cycle Shift-Dir - straight line, f - black bear
Aim: a black bear (79% to hit)
The sting hits the black bear.
The black bear is poisoned.
The black bear is lightly wounded.
Aiming: Sting (safe; 6% risk of failure)
Press: ? - help, Q - select action, (/) - cycle Shift-Dir - straight line, f/p - black bear
Aim: a black bear (lightly wounded, poisoned, 79% to hit)
The sting hits the black bear.
The black bear looks even sicker.
The black bear is moderately wounded.
The black bear bites you but does no damage.
The black bear claws you. The black bear barely misses you.
You hit the black bear. You grab the black bear.
The black bear is heavily wounded.
You constrict the black bear, but do no damage.
The black bear bites you. The black bear claws you. x2
You hit the black bear.
The black bear is heavily wounded.
You constrict the black bear. The black bear misses you.
The black bear completely misses you. The black bear barely misses you.
The black bear bites you. The black bear claws you.
* * * LOW HITPOINT WARNING * * *
The black bear claws you but does no damage.
Okay, then.
Casting: Sting (safe; 6% risk of failure)
Confirm with . or Enter, or press ? or * to list all spells.
Okay, then.
Okay, then.
Press: ? - help, v - describe, . - travel The floor, spattered with blood.
Unknown command.
You release your grip on the black bear.
The black bear goes berserk!
The black bear closely misses you. x2
The black bear claws you but does no damage.
The black bear looks more healthy.
The black bear barely misses you. The black bear closely misses you.
The black bear claws you.
You die...

#......#
#.#...#
#......#
#.#.###
#......#
#.#.#
#......#
##...#
####+#.#
#....# #.#.#
#.##.#
#...####.####
##.h........#
#.@###.#.#.#
#..# #.....#
#..# ##.####
#..# #.# ...#
#.# ###.# #.#
#+# #.# ..#
###


You could see a black bear (berserk).

Vanquished Creatures
  A dart slug (D:1)
  4 endoplasms
  A goblin (D:2)
  3 hobgoblins
  3 jackals (D:1)
  A kobold (D:1)
  5 quokkas (D:1)
  4 ball pythons
  3 bats (D:1)
  4 frilled lizards
  3 rats (D:1)
32 creatures vanquished.

Notes
Turn   | Place    | Note
-------+----------+-------------------------------------------
     0 | D:1      | croobank the Octopode Venom Mage began the quest for the
                  | Orb.
     0 | D:1      | Reached XP level 1. HP: 11/11 MP: 3/3
   460 | D:1      | Reached XP level 2. HP: 17/17 MP: 5/5
   484 | D:1      | Reached skill level 4 in Poison Magic
   487 | D:1      | Learned a level 2 spell: Poisonous Vapours
   872 | D:1      | Found a faded altar of an unknown god.
   995 | D:1      | Reached XP level 3. HP: 16/21 MP: 3/6
  1681 | D:2      | Noticed a black bear
  1707 | D:2      | Slain by a black bear

Illustrated notes

Levels and vault maps discovered:
D:1:      dpeg_arrival_tiny_a, layout_basic,
          hellmonk_ecumenical_altar_heavens_door
D:2:      minmay_skewed_foursquare, layout_basic, skrybe_limestone_x,
          minmay_pentomino_z2

Skill      XL: |  1  2 |
---------------+-------+-----
Stealth        | 3 |  3.1
Poison Magic   | 4 |  4.4
Short Blades   | |  0.1
Long Blades    | |  0.1
Dodging        | |  2.0
Spellcasting   | |  2.5
Transmutations | |  1.2

Action                   || total
-------------------------++-------
Melee: Unarmed           ||     6
       Dagger            ||    17
       Constrict         ||    10
       Tentacles         ||     4
       Falchion          ||    13
 Cast: Sting             ||    40
  Use: Scroll            ||     2
       Potion            ||     1
 Stab: Sleeping          ||     2
Armor: Skin              ||     6
Dodge: Dodged            ||    29

Table legend: (Time is in decaauts)
 A = Elapsed time spent in this place.
 B = Non-inter-level travel time spent in this place.
 C = Inter-level travel time spent in this place.
 D = Time resting spent in this place.
 E = Time spent auto-exploring this place.
 F = Levels seen in this place.
 G = Mean time per level.
                   A        B        C        D        E       F      G
               +--------+--------+--------+--------+--------+-----+--------+
         Total |   1709 |   1638 |     71 |    481 |    914 |   2 |  854.5 |
       Dungeon |   1709 |   1638 |     71 |    481 |    914 |   2 |  854.5 |
               +--------+--------+--------+--------+--------+-----+--------+

Top non-repeatable levels by time:
     D:1: 1557 daAuts
     D:2: 152 daAuts
